 Dungeon Crawl Stone Soup version 0.21-a0-509-gecc5317 (webtiles) character file.

690 BingusPrime the Skirmisher (level 7, -2/60 HPs)
             Began as a Barachi Fighter on Nov 30, 2017.
             Slain by an ice beast (5 damage)
             ... on level 4 of the Dungeon.
             The game lasted 00:14:40 (3457 turns).

BingusPrime the Skirmisher (Barachi Fighter)        Turns: 3457, Time: 00:14:41

Health: -2/60      AC: 10    Str: 15 (17) XL:     7   Next: 63%
Magic:  7/7        EV:  6    Int:  5 (8)  God:
Gold:   183        SH:  9    Dex: 13 (14) Spells: 6/6 levels left

rFire    . . .     SeeInvis .   a - +0 long sword
rCold    . . .     Gourm    +   c - +0 shield
rNeg     . . .     Faith    .   b - +0 scale mail
rPois    .         Spirit   .   (no helmet)
rElec    .         Reflect  .   x - +0 cloak
rCorr    .         Harm     .   (no gloves)
MR       .....                  n - +0 pair of boots
Stlth    ..........             p - amulet of the gourmand
HPRegen  0.20/turn              e - ring of flight
MPRegen  0.10/turn              (no ring)

@: can't hop, slow
A: +LOS, swims, slowness 1, strong legs 1
a: Hop, Evoke Flight


You were on level 4 of the Dungeon.
You were very full.

You visited 1 branch of the dungeon, and saw 5 of its levels.

You collected 183 gold pieces.

Inventory:

Hand Weapons
 a - a +0 long sword (weapon)
 k - a +4 short sword of speed
Armour
 b - a +0 scale mail (worn)
 c - a +0 shield (worn)
 n - a +0 pair of boots (worn)
 x - a +0 cloak (worn)
 A - the cursed -6 pair of boots of the Great Game {Stlth+, unknown}
   (You found it on level 4 of the Dungeon)

   It makes you more stealthy.
   It has a curse placed upon it.
Jewellery
 e - a ring of flight (left hand)
 j - an uncursed ring of resist corrosion {unknown}
 p - an amulet of the gourmand (around neck)
 s - an uncursed ring of protection from cold {unknown}
Wands
 r - a wand of random effects (26)
 w - a wand of paralysis (16)
Scrolls
 m - a scroll of magic mapping
 o - a scroll of remove curse
 t - 2 scrolls of fear {unknown}
 v - a scroll of amnesia
 y - 3 scrolls of identify
Potions
 g - a potion of magic
 h - 3 potions of curing
 l - a potion of resistance {unknown}
 z - a potion of haste {unknown}
 B - 2 potions of might
Comestibles
 f - 3 bread rations
 i - 2 fruits
 q - 5 meat rations
 u - a royal jelly


   Skills:
 * Level 7.1 Fighting
 * Level 6.5 Long Blades
 + Level 5.6 Armour
 - Level 3.3 Shields


You had 6 spell levels left.
You didn't know any spells.

Dungeon Overview and Level Annotations

Branches:
Dungeon (5/15)
 Temple: D:4-7

Altars:
Makhleb
Ru
Vehumet
Yredelemnul

Annotations:
D:2 Sigmund


Innate Abilities, Weirdness & Mutations

Shadows flee at your approach. (+LOS)
You can swim through water.
You cover ground slowly.
You can hop short distances.


Message History

Your Fighting skill increases to level 7!
There is a stone staircase leading down here.
You see here a giant club.
The ogre barely misses you.
You see here 10 gold pieces.
You now have 183 gold pieces (gained 10).
The ogre hits you with a giant spiked club!
* * * LOW HITPOINT WARNING * * *
You see here 2 potions of might.
B - 2 potions of might You block the ogre's attack.
It was a potion of degeneration.
There was something very wrong with that liquid.
You feel weakened.
You feel dopey.
You feel clumsy.
The orc hits you from afar with a trident.
* * * LOW HITPOINT WARNING * * *
The ice beast hits you.
* * * LOW HITPOINT WARNING * * *
The ice beast freezes you.
You die...

.........#
#...####.####
##...........##
#.............
#...##...###.#
##...##...# #.###
..........# #.#.##
##...##...###....##
##..†##..<.....O@.#
.....#.#>####.oY.##
###.OO###)###.#.##
....Y## ##....#.#
.###..# #.......#
....#.######.#
....... #.#
##.....## #.#
##...## #.#


You could see an ice beast, an ogre and an orc.

Vanquished Creatures
  An ice beast (D:3)
  An ogre (D:4)
  A phantom (D:4)
  A scorpion (D:4)
  A crimson imp (D:3)
  An orc priest (D:3)
  A hound (D:4)
  Crazy Yiuf (D:3)
  An orc wizard (D:4)
  Terence (D:3)
  Ijyb (D:3)
  A worker ant (D:4)
  A howler monkey skeleton (D:4)
  6 adders
  2 worms
  6 dart slugs
  2 leopard geckos (D:3)
  6 orcs
  2 ball pythons
  4 giant cockroaches
  4 goblins
  12 hobgoblins
  3 jackals (D:1)
  2 kobolds
  2 quokkas
  6 bats
  3 frilled lizards
  4 rats
  A fungus (D:3)
78 creatures vanquished.

Notes
Turn   | Place    | Note
-------+----------+-------------------------------------------
     0 | D:1      | BingusPrime the Barachi Fighter began the quest for the Orb.
     0 | D:1      | Reached XP level 1. HP: 18/18 MP: 1/1
    93 | D:1      | Reached XP level 2. HP: 19/25 MP: 2/2
   184 | D:1      | Reached skill level 4 in Fighting
   314 | D:1      | Reached XP level 3. HP: 30/30 MP: 3/3
   845 | D:2      | Noticed Sigmund
  1383 | D:3      | Reached XP level 4. HP: 38/38 MP: 4/4
  1394 | D:3      | Found a sacrificial altar of Ru.
  1413 | D:3      | Noticed Terence
  1481 | D:3      | Killed Terence
  1481 | D:3      | Reached skill level 5 in Fighting
  1792 | D:3      | Found a faded altar of an unknown god.
  1799 | D:3      | Noticed Ijyb
  1804 | D:3      | Reached XP level 5. HP: 36/44 MP: 5/5
  1829 | D:3      | Killed Ijyb
  1869 | D:3      | Noticed an ice beast
  1891 | D:3      | Killed an ice beast
  1891 | D:3      | Reached skill level 5 in Long Blades
  1891 | D:3      | Reached XP level 6. HP: 23/52 MP: 6/6
  2060 | D:3      | Found a basalt altar of Yredelemnul.
  2199 | D:3      | Found a radiant altar of Vehumet.
  2199 | D:3      | Found a burning altar of Makhleb.
  2487 | D:3      | Found a runed door.
  2491 | D:3      | Noticed Crazy Yiuf
  2503 | D:3      | Killed Crazy Yiuf
  2503 | D:3      | Reached skill level 6 in Fighting
  2552 | D:3      | Reached skill level 5 in Armour
  2739 | D:4      | Noticed an eye of draining
  2957 | D:4      | Reached XP level 7. HP: 58/59 MP: 7/7
  3439 | D:4      | Got a pair of ancient boots
  3444 | D:5      | Entered Level 5 of the Dungeon
  3446 | D:4      | Reached skill level 7 in Fighting
  3457 | D:4      | HP: 3/60 [ice beast (3)]
  3457 | D:4      | Slain by an ice beast

Vault maps used:
D:1:      lightli_arrival_windingriver
D:2:      first_bread, minmay_tripent, uniq_sigmund
D:3:      nicolae_overflow_crystal_walls, old_standard_altar,
          grunt_temple_overflow_lords_of_destruction,
          chequers_ecumenical_altar_simple, uniq_terence, uniq_ijyb,
          uniq_crazy_yiuf_cottage
D:4:      lemuel_temple_firewalk_a, hangedman_abyss_or_decor_passed
D:5:      serial_park_tiny_pond, hangedman_minor_gate_pass, uniq_edmund,
          uniq_menkaure, uniq_pikel

Skill      XL: |  1  2  3  4  5  6  7 |
---------------+----------------------+-----
Fighting       | 4 5 6 7 |  7.1
Long Blades    | 3 4 5 6 |  6.5
Armour         | 4 5 |  5.6
Shields        | |  3.3

Action                   |  1- 3 |  4- 6 |  7- 9 || total
-------------------------+-------+-------+-------++-------
Melee: Long sword        |   113 |   212 |    65 ||   390
 Abil: Hop               |     1 |     2 |     1 ||     4
       Evoke Flight      |       |     1 |       ||     1
  Use: Scroll            |     5 |     2 |       ||     7
       Potion            |     4 |       |     1 ||     5
  Eat: Fruit             |     1 |       |       ||     1
       Chunk             |       |    14 |     3 ||    17
Armor: Scale mail        |    67 |    80 |    23 ||   170
Dodge: Dodged            |    36 |    54 |    19 ||   109
Block: Shield            |    56 |   108 |    27 ||   191
       Rpst.: Long sword |    11 |    12 |     8 ||    31

Table legend:
 A = Spawn XP
 B = Non-spawn XP
 C = Spawn XP percentage of total XP
 D = Spawn monster count
 E = Non-spawn monster count
 F = Spawn count percentage of total count
 G = Total turns spent on level
                    A         B        C        D         E        F      G
               +---------+---------+-------+---------+---------+-------+---------
         Total |       0 |     986 |   0.0 |       0 |      77 |   0.0 |  3457
               +---------+---------+-------+---------+---------+-------+---------
           D:1 |       0 |      46 |   0.0 |       0 |      21 |   0.0 |   623
           D:2 |       0 |      20 |   0.0 |       0 |       6 |   0.0 |   246
           D:3 |       0 |     450 |   0.0 |       0 |      37 |   0.0 |  1788
           D:4 |       0 |     470 |   0.0 |       0 |      13 |   0.0 |   798
               +---------+---------+-------+---------+---------+-------+---------
